 Dungeon Crawl Stone Soup version 0.28.0-47-ge53b351184 (webtiles) character file.

Game seed: 15653879378378803572

4774 Exodus22XD the Cleaver (level 10, -7/89 HPs)
             Began as a Hill Orc Monk on May 6, 2022.
             Was a High Priest of Beogh.
             Mangled by a queen bee (11 damage)
             ... on level 9 of the Dungeon.
             The game lasted 00:19:22 (9530 turns).

Exodus22XD the Cleaver (Hill Orc Monk)              Turns: 9530, Time: 00:19:22

Health: -7/89      AC: 20    Str: 25    XL:     10   Next: 47%
Magic:  10/10      EV:  8    Int: 10    God:    Beogh [*****.]
Gold:   465        SH:  6    Dex: 13    Spells: 9/9 levels left

rFire   . . .      SeeInvis +   H - +4 hand axe
rCold   . . .      Faith    .   E - +2 buckler
rNeg    . . .      Spirit   .   l - +0 plate armour
rPois   .          Reflect  .   b - +0 helmet
rElec   .          Harm     .   B - +0 cloak
rCorr   .          Rampage  .   (no gloves)
Will    .....                   j - +2 pair of boots
Stlth   ..........              (no amulet)
HPRegen 0.24/turn               i - +6 ring of strength
MPRegen 0.12/turn               g - ring of see invisible

@: brilliant, lethally poisoned (-7 -> -14), hasted, very quick
A: walk on water
a: Renounce Religion, Smiting, Recall Orcish Followers, Give Item to Named
Follower


You were on level 9 of the Dungeon.
You worshipped Beogh.
Beogh was extremely pleased with you.
You visited 1 branch of the dungeon, and saw 9 of its levels.

You collected 491 gold pieces.
You spent 26 gold pieces at shops.

Inventory:

Hand Weapons
 n - a +0 war axe
 H - a +4 hand axe (weapon)
Armour
 b - a +0 helmet (worn)
 j - a +2 pair of boots (worn)
 l - a +0 plate armour (worn)
 A - a +0 tower shield
 B - a +0 cloak (worn)
 E - a +2 buckler (worn)
Jewellery
 g - a ring of see invisible (right hand)
 i - a +6 ring of strength (left hand)
 G - the amulet "Toestrevu" {Acrobat rF+ Str-2 Int+7 Dex-5}
   (You found it on level 8 of the Dungeon)

   [amulet of the acrobat]

   It increases your evasion while moving and waiting.
   Str:       It affects your strength (-2).
   Int:       It affects your intelligence (+7).
   Dex:       It affects your dexterity (-5).
   rF:        It protects you from fire.
Wands
 t - a wand of charming (9)
 C - a wand of paralysis (10)
 D - a wand of iceblast (9)
Scrolls
 c - 2 scrolls of fog
 d - 4 scrolls of amnesia
 h - 2 scrolls of vulnerability
 o - 2 scrolls of teleportation
 p - a scroll of magic mapping {unknown}
 r - 2 scrolls of brand weapon {unknown}
 s - 2 scrolls of fear {unknown}
 y - a scroll of immolation {unknown}
 F - a scroll of silence {unknown}
Potions
 e - 2 potions of flight {unknown}
 f - 2 potions of magic
 k - 2 potions of lignification {unknown}
 q - a potion of heal wounds {unknown}
 u - a potion of degeneration {unknown}
 v - a potion of invisibility {unknown}
 w - a potion of brilliance
 x - a potion of mutation {unknown}
 z - 2 potions of resistance {unknown}


   Skills:
 + Level 8.3 Fighting
 + Level 13.3 Axes
 * Level 10.0 Armour
 - Level 2.4 Dodging
 - Level 1.5 Stealth
 * Level 2.5 Shields


You had 9 spell levels left.
You didn't know any spells.
Your spell library was empty.

Dungeon Overview and Level Annotations

Branches:
Dungeon (9/15)             Temple (0/1) D:4            Lair (0/6) D:8
    Orc: D:9-12

Altars:
Yredelemnul
Lugonu

Shops:
D:1 *[=??   D:5 (   D:6 [

Portals:
Abyss: D:5

Annotations:
D:3 3 runed translucent doors, kalagan's ghost, amateur DjCj
D:5 2 runed translucent doors


Message History

The killer bee closely misses you.
The killer bee stings you but does no damage.
The queen bee calls on the killer bee to defend it!
The killer bee goes berserk!
The queen bee calls on something to defend it!
You feel better. The killer bee barely misses you.
You block the killer bee's attack.
The killer bee rages.
What are your orders? t - Shout!
Orders for allies: a - Attack new target. r - Retreat! s - Stop attacking. g - Guard the area. f - Follow me.
Anything else - Cancel.
Follow me!
The killer bee rages. x2
You hear an angry buzzing noise.
You feel yourself speed up.
Your orc no longer looks unusually strong.
The killer bee rages.
You feel better.
The killer bee stings you but does no damage.
The killer bee rages.
You miss the killer bee. You hit the queen bee. The killer bee stings you!
* * * LOW HITPOINT WARNING * * *
You are lethally poisoned!
The killer bee poisons you!
The queen bee stings you but does no damage.
You barely miss the killer bee. You hit the queen bee.
* * * LOW HITPOINT WARNING * * *
You feel sick.
The killer bee stings you but does no damage.
Orgrim unwields a +0 flail.
Orgrim wields a +0 arbalest.
Orgrim shoots a bolt.
The bolt hits the queen bee!
It was a potion of brilliance.
You feel clever all of a sudden.
* * * LOW HITPOINT WARNING * * *
You feel sick. The killer bee barely misses you.
The killer bee closely misses you. The queen bee stings you!
You die...

### .. ###.#######
+###### #..........
...!yyy#### #..........
!.)yyyyyyy###..........
!..yyy.##@o##..........


...yyyy ##ooo.......... .$..yyy ####.......... .....yy #..<....... !†.....
########### ...!... ####### You could see a queen bee, 9 killer bees, the
friendly Orgrim the orc knight, 2 friendly orc warriors and a friendly orc.

Vanquished Creatures
  Sigmund (D:4)
  A steam dragon (D:8)
  2 wargs (D:8)
  3 sky beasts
  A black bear (D:5)
  2 necrophages (D:6)
  2 centaurs
  An ogre (D:5)
  A phantom (D:5)
  3 bullfrogs
  A kobold brigand (D:4)
  6 scorpions
  2 wyvern zombies (D:7)
  A water moccasin zombie (D:5)
  2 killer bees (D:9)
  6 wights
  3 howler monkeys
  A centaur zombie (D:7)
  3 hounds
  Crazy Yiuf (D:7)
  2 orc priests (D:8)
  2 bullfrog skeletons
  2 centaur skeletons
  2 iguanas (D:5)
  Natasha (twice) (D:3)
  4 orc wizards
  A killer bee zombie (D:7)
  2 howler monkey zombies
  Robin (D:2)
  A gnoll (D:1)
  10 adders
  2 shadow imps
  A white imp (D:5)
  An ufetubus (D:4)
  An adder skeleton (D:5)
  3 worms
  13 dart slugs
  17 orcs
  6 ball pythons
  4 endoplasms
  2 giant cockroaches (D:1)
  21 goblins
  10 hobgoblins
  A jackal (D:1)
  24 kobolds
  2 quokkas
  7 bats
  2 frilled lizards (D:1)
189 creatures vanquished.

Vanquished Creatures (collateral kills)
  A two-headed ogre (D:8)
  Menkaure (D:7)
  A warg (D:8)
  A water moccasin (D:7)
  2 ice beasts
  A black bear (D:6)
  9 wights
  A killer bee (D:9)
  4 howler monkeys
  2 orc priests (D:7)
  A bullfrog skeleton (D:6)
  A gnoll shaman (D:7)
  A hound (D:6)
  2 orc wizards (D:8)
  A killer bee zombie (D:6)
  2 white imps
  An orc (D:8)
32 creatures vanquished.

Vanquished Creatures (others)
  An orc warrior (D:9)
  An orc priest (D:4)
  An orc wizard (D:9)
  10 orcs
  24 plants (D:4)
37 creatures vanquished.

Grand Total: 258 creatures vanquished

Notes
Turn   | Place    | Note
-------+----------+-------------------------------------------
     0 | D:1      | Exodus22XD the Hill Orc Monk began the quest for the Orb.
     0 | D:1      | Reached XP level 1. HP: 19/19 MP: 1/1
    85 | D:1      | Reached XP level 2. HP: 23/27 MP: 2/2
   204 | D:1      | Reached skill level 1 in Armour
   462 | D:1      | Found Kesui's General Store.
   473 | D:1      | Reached XP level 3. HP: 17/33 MP: 3/3
   477 | D:1      | Found Dirche's Jewellery Shoppe.
   735 | D:1      | Found Solur's Magic Scroll Boutique.
  1153 | D:1      | Found Haof Gagg's Antique Armour Shoppe.
  1286 | D:1      | Found Vaves's Magic Scroll Boutique.
  1322 | D:1      | Bought a scroll of identify for 26 gold pieces
  1620 | D:2      | Reached skill level 5 in Axes
  1725 | D:2      | Reached XP level 4. HP: 27/41 MP: 4/4
  1907 | D:2      | Found a faded altar of an unknown god.
  2386 | D:3      | Noticed Robin
  2400 | D:2      | Killed Robin
  2557 | D:3      | Noticed Natasha
  2565 | D:3      | Killed Natasha
  2566 | D:3      | Reached XP level 5. HP: 39/47 MP: 5/5
  2629 | D:3      | Reached skill level 6 in Axes
  2818 | D:3      | Noticed kalagan's ghost (amateur DjCj)
  2827 | D:3      | Found a runed translucent gate.
  2827 | D:3      | Found a runed translucent gate.
  2828 | D:3      | Found a runed translucent gate.
  2828 | D:3      | Noticed Natasha
  2847 | D:3      | Killed Natasha
  3026 | D:3      | Reached skill level 5 in Fighting
  3178 | D:3      | Reached XP level 6. HP: 56/56 MP: 6/6
  3820 | D:4      | Became a worshipper of Beogh the Brigand
  3820 | D:4      | Reached * piety under Beogh
  3820 | D:4      | Reached ** piety under Beogh
  3918 | D:4      | Reached skill level 7 in Axes
  4126 | D:4      | Noticed Sigmund
  4135 | D:4      | Killed Sigmund
  4136 | D:4      | Reached XP level 7. HP: 56/61 MP: 7/7
  4163 | D:4      | Found a staircase to the Ecumenical Temple.
  4196 | D:4      | Reached skill level 8 in Axes
  4897 | D:5      | Entered Level 5 of the Dungeon
  4914 | D:5      | Reached skill level 5 in Armour
  5035 | D:4      | Reached XP level 8. HP: 45/70 MP: 8/8
  5170 | D:5      | Found Seuwosie's Weapon Shoppe.
  5197 | D:5      | Found a large runed translucent door.
  5197 | D:5      | Found a large runed translucent door.
  5274 | D:5      | Reached skill level 9 in Axes
  5288 | D:5      | Reached *** piety under Beogh
  5624 | D:5      | Found a one-way gate to the infinite horrors of the Abyss.
  5769 | D:5      | Reached skill level 10 in Axes
  5918 | D:5      | Found a corrupted altar of Lugonu.
  6099 | D:6      | Reached XP level 9. HP: 47/78 MP: 9/9
  6119 | D:6      | Reached skill level 11 in Axes
  6413 | D:6      | Found Ehuraup's Armour Shoppe.
  6425 | D:6      | Gained Orgrim as an ally
  6787 | D:7      | Reached **** piety under Beogh
  7123 | D:7      | Found a runed translucent door.
  7124 | D:7      | Noticed Crazy Yiuf
  7669 | D:7      | Reached skill level 12 in Axes
  7766 | D:7      | Noticed Menkaure
  7773 | D:7      | Killed Menkaure
  8053 | D:7      | Found a basalt altar of Yredelemnul.
  8197 | D:7      | Reached XP level 10. HP: 86/88 MP: 10/10
  8381 | D:7      | Killed Crazy Yiuf
  8475 | D:8      | Found a staircase to the Lair.
  8481 | D:8      | Reached skill level 1 in Shields
  8491 | D:8      | Reached ***** piety under Beogh
  8708 | D:8      | Identified the amulet "Toestrevu" {Acrobat rF+ Str-2 Int+7
                  | Dex-5}
  8708 | D:8      | Noticed a two-headed ogre
  8715 | D:8      | Killed a two-headed ogre
  8716 | D:8      | Reached skill level 13 in Axes
  9122 | D:8      | Reached skill level 10 in Armour
  9520 | D:9      | HP: 3/89 [killer bee (12)]
  9530 | D:9      | HP: 4/89 [poisoned by a killer bee]
  9530 | D:9      | Mangled by a queen bee

Illustrated notes

Levels and vault maps discovered:
D:1:      dpeg_arrival_brainrot, layout_loops_ring, serial_shops, shop,
          nicolae_shop_window_shopping, nicolae_shop_stone,
          nicolae_lakefront_shop, nicolae_diamond_shop, minmay_box_of_dots
D:2:      layout_rooms, serial_corexii_hall, chequers_hall_statues_wall_a,
          chequers_hall_statues_corner_a, ebering_ecumenical_altar_webs
D:3:      kennysheep_slugbush, layout_loops_corners, gammafunk_ghost_split,
          eino_tiny_chamber, uniq_natasha, uniq_robin
D:4:      kennysheep_kobold_camp, layout_cave_pools, minmay_temple_entry_ruins,
          due_unseen_surprise, uniq_sigmund
D:5:      due_chaos_kobolds, layout_rooms, serial_glass, glass_columns_c,
          glass_columns_c, serial_shops, nicolae_stop_n_shop_1,
          minmay_ogre_servants
D:6:      layout_cave_pools, nicolae_stop_n_shop_2
D:7:      layout_loops_corners, lemuel_zombie_altar_yredelemnul,
          minmay_misc_feat_nine_boxes, minmay_fractal_squares_gapless_5,
          uniq_menkaure, uniq_crazy_yiuf_cottage
D:8:      hellmonk_warped_wall, layout_loops_ring, erik_lair_orcish_takeover,
          kennysheep_doodads, nicolae_concentric_dashed_squares_mild
D:9:      layout_roguey [special_room_bee], uniq_pikel

Skill      XL: |  1  2  3  4  5  6  7  8  9 10 |
---------------+-------------------------------+-----
Fighting       | 4 5 6 7 8 |  8.3
Armour         | 1 2 3 4 5 6 9 10 | 10.0
Axes           | 5 6 7 8 10 12 13 | 13.3
Shields        | 2 |  2.5
Dodging        | |  2.4
Stealth        | |  1.5

Action                   |  1- 3 |  4- 6 |  7- 9 | 10-12 || total
-------------------------+-------+-------+-------+-------++-------
Melee: Hand axe          |   108 |   127 |       |    14 ||   249
       Punch             |     3 |     2 |     7 |     1 ||    13
       War axe           |       |    71 |   292 |    59 ||   422
Invok: Convert to Beogh  |       |     1 |       |       ||     1
       Recall Orcish Fol |       |       |       |     1 ||     1
Evoke: Wand              |       |       |       |     1 ||     1
  Use: Scroll            |     3 |     1 |     3 |       ||     7
       Potion            |       |       |       |     7 ||     7
 Stab: Sleeping          |     4 |     3 |       |       ||     7
Armor: Robe              |    23 |    10 |       |       ||    33
       Ring mail         |       |    19 |       |       ||    19
       Plate armour      |       |   104 |   242 |    78 ||   424
Dodge: Dodged            |    70 |   104 |   127 |    46 ||   347
Block: Buckler           |       |       |       |    28 ||    28
